 Dungeon Crawl Stone Soup version 0.28.0-43-g3370ac3207 (webtiles) character file.

Game seed: 16448015009051817802

146 croobank the Sneak (level 5, -7/33 HPs)
             Began as an Octopode Fire Elementalist on Mar 5, 2022.
             Killed from afar by an orc wizard (10 damage)
             ... with a magic dart
             ... on level 3 of the Dungeon.
             The game lasted 00:06:52 (2492 turns).

croobank the Sneak (Octopode Fire Elementalist)     Turns: 2492, Time: 00:06:53

Health: -7/33      AC:  1    Str:  8    XL:     5   Next: 28%
Magic:  0/9        EV: 13    Int: 19    God:
Gold:   74         SH:  0    Dex: 12    Spells: 2/9 levels left

rFire   . . .      SeeInvis .   a - +0 morningstar
rCold   . . .      Faith    .   (no shield)
rNeg    . . .      Spirit   +   (helmet restricted)
rPois   .          Reflect  .   f - amulet of guardian spirit
rElec   .          Harm     .   (no ring)
rCorr   .          Rampage  .   (no ring)
Will    .....                   (no ring)
Stlth   ++........              (no ring)
HPRegen 0.11/turn               (no ring)
MPRegen 0.11/turn               (no ring)
                                (no ring)
                                (no ring)

@: confused, very slightly contaminated
A: almost no armour, amphibious, 8 rings, camouflage 1, gelatinous body 1,
(nimble swimmer 1), tentacles
a: no special abilities


You were on level 3 of the Dungeon.
You visited 1 branch of the dungeon, and saw 3 of its levels.

You collected 74 gold pieces.

Inventory:

Hand Weapons
 a - a +0 morningstar (weapon)
 b - a +0 hunting sling
Missiles
 c - 46 bolts
 d - 2 boomerangs
 h - 42 stones
 j - 10 sling bullets
Armour
 k - a +0 buckler
Jewellery
 f - an amulet of guardian spirit (around mantle)
Potions
 e - a potion of heal wounds
 g - a potion of brilliance {unknown}
 i - a potion of attraction {unknown}
 l - a potion of might {unknown}
 m - a potion of ambrosia {unknown}


   Skills:
 + Level 1.3 Fighting
 + Level 2.7 Dodging
 + Level 3.9 Stealth
 + Level 2.7 Spellcasting
 + Level 2.1 Conjurations
 + Level 3.6 Fire Magic


You had 2 spell levels left.
You knew the following spells:

 Your Spells              Type           Power      Damage    Failure   Level
a - Foxfire               Conj/Fire      52%        2x1d6     4%          1
b - Scorch                Fire           32%        2d7       5%          2
c - Flame Wave            Conj/Fire      13%        2d6       43%         4

Your spell library contained the following spells:

 Spells                   Type           Power      Damage    Failure   Level
 Conjure Flame            Conj/Fire      13%        6-21      14%         3
 Inner Flame              Hex/Fire       9%         N/A       22%         3


Dungeon Overview and Level Annotations

Branches:
Dungeon (3/15)

Altars:


Innate Abilities, Weirdness & Mutations

You cannot wear most types of armour.
You are amphibious.
You can wear up to eight rings at the same time.
Your skin changes colour to match your surroundings (Stealth+).
Your rubbery body absorbs attacks. (AC +1, EV +1)
((You are camouflaged when in or above water. (Stealth+)))
You have tentacles for arms and can constrict up to eight enemies at once.


Message History

You hear some strange, mumbled words.
You are confused.
The orc barely misses you.
You're too confused to cast spells.
Sorry, you're not good enough to have a special ability.
You're too confused to cast spells.
It was a potion of heal wounds.
You feel much better. Something hits you. The orc closely misses you.
Found a stone staircase leading down.
Something hits you. The orc completely misses you. The orc wizard misses you.
Things that are here:
a +0 dagger; a +0 robe Something hits you.
The orc wizard casts a spell.
The orc wizard flickers and vanishes!
You miss something. Something hits you. The orc completely misses you.
Something hits you.
You barely miss something.
You feel less confused.
You hear some strange, mumbled words.
You are confused.
The orc misses you.
You hear some strange, mumbled words.
A puff of flame appears from out of thin air!
The puff of flame hits you! Something hits you. The orc completely misses you.
You're too confused to move!
Something barely misses you.
You hear some strange, mumbled words.
You are more confused.
The orc hits you with a +0 falchion.
You completely miss something. Your squeeze misses something.
Something hits you.
* * * LOW HITPOINT WARNING * * *
Something hits you.
* * * LOW HITPOINT WARNING * * *
The orc hits you with a +0 falchion.
* * * LOW HITPOINT WARNING * * *
You hear some strange, mumbled words.
A magic dart appears from out of thin air!
The magic dart hits you!
You die...

#.####.##.######
#.# #.##.#
#.####.##.#
#......##.#
#########.####
#.......#
#.##.##.#
.###.##†##.##
.......o@...#
#.##.#.{{#..#
#........#
#.#..........
..#
##.#...##.###
#.# #.##..## .#
#.# #.# #..# #
#.# #.# #... #.#
># ##'## #.#


You could see an orc.

Vanquished Creatures
  An orc priest (D:3)
  An orc wizard (D:3)
  2 adders (D:2)
  A worm (D:2)
  3 dart slugs
  4 orcs
  5 endoplasms
  3 giant cockroaches
  4 goblins
  8 hobgoblins
  4 quokkas
  4 ball pythons
  5 bats
  A frilled lizard (D:2)
  7 kobolds
  9 rats
62 creatures vanquished.

Vanquished Creatures (collateral kills)
  2 foxfires (D:2)
2 creatures vanquished.

Vanquished Creatures (others)
  104 foxfires
104 creatures vanquished.

Grand Total: 168 creatures vanquished

Notes
Turn   | Place    | Note
-------+----------+-------------------------------------------
     0 | D:1      | croobank the Octopode Fire Elementalist began the quest for
                  | the Orb.
     0 | D:1      | Reached XP level 1. HP: 11/11 MP: 3/3
   108 | D:1      | Reached XP level 2. HP: 6/17 MP: 0/5
   111 | D:1      | Learned a level 2 spell: Scorch
   758 | D:1      | Reached XP level 3. HP: 21/21 MP: 3/6
  1229 | D:2      | Reached XP level 4. HP: 27/27 MP: 3/7
  1237 | D:2      | Learned a level 4 spell: Flame Wave
  1458 | D:2      | Found a faded altar of an unknown god.
  2295 | D:3      | Reached skill level 1 in Fighting
  2345 | D:3      | Reached XP level 5. HP: 33/33 MP: 6/9
  2492 | D:3      | Killed from afar by an orc wizard

Illustrated notes

Levels and vault maps discovered:
D:1:      lightli_arrival_windingriver, layout_basic
D:2:      layout_rooms, ebering_ecumenical_altar_petrified
D:3:      layout_loops_corners, minivault_24

Skill      XL: |  1  2  3  4 |
---------------+-------------+-----
Stealth        | 3 |  3.9
Fighting       | 1 |  1.3
Conjurations   | 2 |  2.1
Dodging        | |  2.7
Spellcasting   | |  2.7
Fire Magic     | |  3.6

Action                   |  1- 3 |  4- 6 || total
-------------------------+-------+-------++-------
Melee: Unarmed           |    13 |    12 ||    25
       Constrict         |     5 |     6 ||    11
       Tentacles         |     3 |     6 ||     9
       Morningstar       |       |    13 ||    13
 Cast: Foxfire           |    43 |    20 ||    63
       Scorch            |     7 |     6 ||    13
  Use: Scroll            |       |     5 ||     5
       Potion            |       |     1 ||     1
Armor: Skin              |     1 |       ||     1
Dodge: Dodged            |    18 |    24 ||    42
